 Dungeon Crawl Stone Soup version 0.31-a0-986-g5e6e4ef867 (webtiles) character file.

Game seed: 1120971350060631646

18 tromp the Sneak (level 2, -2/17 HPs)
             Began as a Kobold Brigand on Nov 18, 2023.
             Slain by a kobold
             ... wielding a +4 dagger of venom
              (6 damage)
             ... on level 1 of the Dungeon.
             The game lasted 00:08:36 (489 turns).

tromp the Sneak (Kobold Brigand)                     Turns: 489, Time: 00:08:37

Health: -2/17      AC: 10    Str:  8    XL:     2   Next: 85%
Magic:  2/2        EV: 14    Int: 12    God:
Gold:   46         SH:  0    Dex: 16    Spells: 1/1 levels left

rFire   . . .        f - +2 short sword (protect)
rCold   . . .        (no shield)
rNeg    . . .        b - +0 robe
rPois   .            (no helmet)
rElec   .            c - +0 cloak
rCorr   .            (no gloves)
SInv    .            (no boots)
Will    .....        (no amulet)
Stlth   ++++         (no ring)
HPRegen 0.22/turn    (no ring)
MPRegen 0.08/turn

%: no passive effects
@: lethally poisoned (-2 -> -11), weak-willed, under a protective aura,
enlightened, flying
A: small, no large weapons, nightstalker 3
a: no special abilities


You were on level 1 of the Dungeon.
You visited 1 branch of the dungeon, and saw 1 of its levels.

You collected 46 gold pieces.

Inventory:

Hand Weapons
 a - a +2 dagger
 f - a +2 short sword of protection (weapon)
Missiles
 d - 7 poisoned darts (quivered)
 e - 3 curare-tipped darts
Armour
 b - a +0 robe (worn)
 c - a +0 cloak (worn)
Potions
 g - a potion of enlightenment


   Skills:
 + Level 2.2 Fighting
 + Level 2.9 Short Blades
 + Level 2.4 Throwing
 + Level 1.4 Dodging
 + Level 6.0 Stealth


You had one spell level left.
You didn't know any spells.
Your spell library contained the following spells:

 Spells                   Type           Power      Damage    Failure   Level
 Summon Small Mammal      Summ           0%         N/A       32%         1
 Call Canine Familiar     Summ           0%         N/A       69%         3
 Summon Guardian Golem    Hex/Summ       0%         N/A       69%         3


Dungeon Overview and Level Annotations

Branches:
Dungeon (1/15)

Altars:


Innate Abilities, Weirdness & Mutations

You are small and have problems with some larger weapons.
You are completely attuned to the shadows.


Message History

As you read the scroll labelled HEXKIPASME, it crumbles to dust.
Magic quickly surges around you.
It was a scroll of vulnerability.
g - a puce potion It was a potion of enlightenment.
You feel very buoyant.
You fly up into the air.
Found a potion of enlightenment.
Found a war axe.
g - a potion of enlightenment You now have 46 gold pieces (gained 3).
A kobold comes into view. It is wielding a +4 dagger of venom.
Throw: 9 darts (poison)
Press: ? - help, Q - select action, (/) - cycle Shift-Dir - straight line, f - kobold
Aim: a kobold, wielding a +4 dagger of venom and quivering stones (wandering, hasn't noticed you, 51% to hit)
You throw a poisoned dart.
The poisoned dart barely misses the kobold.
The kobold throws a stone.
The stone closely misses you.
Throw: 8 darts (poison)
Press: ? - help, Q - select action, (/) - cycle Shift-Dir - straight line, f/p - kobold
Aim: a kobold, wielding a +4 dagger of venom and quivering stones (51% to hit)
You throw a poisoned dart.
The poisoned dart barely misses the kobold.
Unknown command.
The kobold hits you with a +4 dagger of venom.
Unknown command.
Throw: 7 darts (poison)
Press: ? - help, Q - select action, (/) - cycle Shift-Dir - straight line, p - kobold
Okay, then.
You barely miss the kobold.
The kobold hits you with a +4 dagger of venom.
You are lethally poisoned!
You closely miss the kobold.
You feel very sick. The kobold closely misses you.
You hit the kobold but do no damage.
Your weapon exudes an aura of protection.
* * * LOW HITPOINT WARNING * * *
You feel very sick.
The kobold hits you with a +4 dagger of venom.
You die...

.#########[#....#.#####.,,,,,,,,,
.#** #.##..........#**,,,,**,
..,* #.#####....##.,#*,*****,
**,* #>#* #...#.#**.#.,*****,
,*,* #..*##.#.#.###...,,,,,,,
,,,** **,*#..#.#.....#****,,,,
*,,,*** **,.#,#..##...##**,,,,*,
*,,,,,****,,...#.......#**,,**,*,
,**,*,,,,,,,...K@.###....#,***,,*
,**,**,,,,,,......# ####..,* **,,
,,,,,,,,,>,,......#* *#.,* **,
,,,,**,,,,,,(......* *,,* *,
,,,,**,,,,,,....##.# *,,*****,
,*,,**,,,,,,,,,,**,******,,*,,,,,
,**,,,,,,,,,,,*,**,,,*,,,,,,,,,,*
,,*,,,,,,,,,,,*,***,,,,,**,,*****
*,**,,,,,,,,,,*,,,,,,,***,,,**


You could see a kobold.

Vanquished Creatures
  3 hobgoblins (D:1)
  4 jackals (D:1)
  4 kobolds (D:1)
  2 quokkas (D:1)
  2 rats (D:1)
15 creatures vanquished.

Notes
Turn   | Place    | Note
-------+----------+-------------------------------------------
     0 | D:1      | tromp the Kobold Brigand began the quest for the Orb.
     0 | D:1      | Reached XP level 1. HP: 12/12 MP: 1/1
   140 | D:1      | Reached XP level 2. HP: 17/17 MP: 2/2
   413 | D:1      | Reached skill level 6 in Stealth
   489 | D:1      | Slain by a kobold

Illustrated notes

Levels and vault maps discovered:
D:1:      minmay_arrival_stair_chambers, layout_rooms

Skill      XL: |  1  2 |
---------------+-------+-----
Stealth        | 6 |  6.0
Fighting       | |  2.2
Short Blades   | |  2.9
Throwing       | |  2.4
Dodging        | |  1.4

Action                     || total
---------------------------++-------
  Melee: Short sword       ||    59
         Dagger            ||     1
         Punch             ||     1
  Throw: Dart              ||     4
    Use: Potion            ||     3
         Scroll            ||     2
   Stab: Sleeping          ||     4
 Armour: Robe              ||    37
  Dodge: Dodged            ||    54

Table legend: (Time is in decaauts)
 A = Elapsed time spent in this place.
 B = Non-inter-level travel time spent in this place.
 C = Inter-level travel time spent in this place.
 D = Time resting spent in this place.
 E = Time spent auto-exploring this place.
 F = Levels seen in this place.
 G = Mean time per level.
                   A        B        C        D        E       F      G
               +--------+--------+--------+--------+--------+-----+--------+
         Total |    479 |    479 |      0 |    128 |      0 |   1 |  479.0 |
       Dungeon |    479 |    479 |      0 |    128 |      0 |   1 |  479.0 |
               +--------+--------+--------+--------+--------+-----+--------+

Top non-repeatable levels by time:
     D:1: 479 daAuts
